 Dungeon Crawl Stone Soup version 0.32-a0-411-g744942f433 (webtiles) character file.

Game seed: 7117662680668524694

196643 CougarLife the Earth Mage (level 18, -6/104 HPs)
             Began as a Gargoyle Earth Elementalist on Feb 20, 2024.
             Was an Initiate of Gozag.
             Killed from afar by Frances (18 damage)
             ... with an iron shot
             ... on level 1 of the Spider Nest.
             The game lasted 01:50:45 (46978 turns).

CougarLife the Earth Mage (GrEE)                   Turns: 46978, Time: 01:50:46

Health: -6/104     AC: 32    Str: 15    XL:     18   Next: 38%
Magic:  5/37       EV: 11    Int: 29    God:    Gozag
Gold:   1865       SH:  0    Dex: 10    Spells: 33/47 levels left

rFire   . . .        s - staff of Hubris {Str+2 Conj Earth}
rCold   + + +        (no shield)
rNeg    + . .        a - +4 skin of Zhor {*Englaciate rC+++ SInv}
rPois   ∞            W - +1 helmet
rElec   +            Q - +2 cloak {Will+}
rCorr   .            T - +2 pair of gloves
SInv    +            b - +0 pair of boots
Will    ++...        N - amulet of magic regeneration
Stlth   ++           q - +4 ring of protection
HPRegen 0.37/turn    E - +6 ring of intelligence
MPRegen 0.65/turn

%: no passive effects
@: gold aura, flying, studying Maces & Flails
A: sickness immunity, AC +13, big wings, negative energy resistance 1,
electricity resistance, torment resistance 1, petrification resistance, frail 1
}: 1/15 runes: barnacled
a: Renounce Religion, Potion Petition, Call Merchant, Bribe Branch


You were on level 1 of the Spider Nest.
You worshipped Gozag.
Gozag was most pleased with you.
You visited 6 branches of the dungeon, and saw 28 of its levels.
You also visited: Gauntlet.

You collected 9108 gold pieces.
You spent 3866 gold pieces at shops.
You paid 3377 gold pieces to Gozag.

Inventory:

Missiles
 C - 3 throwing nets
Armour
 a - the +4 skin of Zhor (worn) {*Englaciate rC+++ SInv}
   (You found it on level 14 of the Dungeon)

   *Englaciate: It radiates cold, occasionally slowing all nearby creatures who
   are not resistant to cold.
   rC+++:     It renders you almost immune to cold.
   SInv:      It lets you see invisible.
 b - a +0 pair of boots (worn)
 r - a +3 leather armour of fire resistance
 Q - a +2 cloak of willpower (worn)
 T - a +2 pair of gloves (worn)
 W - a +1 helmet (worn)
Magical Staves
 s - the staff of Hubris (weapon) {Str+2 Conj Earth}
   (You took it off a minotaur in a Gauntlet)

   [staff of earth]

   Base accuracy: +5 Base damage: 5 Base attack delay: 1.2 This weapon's minimum
   attack delay (0.6) is reached at skill level 12.
   Str+2:     It affects your strength (+2).
   Conj:      It increases the power of your Conjurations spells.
   Earth:     It increases the power of your Earth spells.
   It falls into the 'Staves' category.
   It is a one-handed weapon.
Jewellery
 q - a +4 ring of protection (left hand)
 v - a ring of protection from fire
 E - a +6 ring of intelligence (right hand)
 J - a ring of resist corrosion
 N - an amulet of magic regeneration (around neck)
 R - a ring of fire
 S - a +6 ring of intelligence
Wands
 p - a wand of flame (7)
 H - a wand of polymorph (14)
 K - a wand of charming (26)
 O - a wand of iceblast (20)
 U - a wand of digging (9)
Scrolls
 f - 5 scrolls of torment
 h - 2 scrolls of summoning
 i - 5 scrolls of noise
 k - 3 scrolls of revelation
 n - 8 scrolls of fog
 t - 4 scrolls of amnesia
 u - 4 scrolls of identify
 x - 14 scrolls of teleportation
 y - 5 scrolls of poison
 B - a scroll of silence
 D - 3 scrolls of fear
 F - 3 scrolls of vulnerability
 G - 4 scrolls of immolation
Potions
 c - 5 potions of enlightenment
 d - 4 potions of berserk rage
 e - a potion of cancellation
 j - 2 potions of resistance
 l - 8 potions of mutation
 m - 8 potions of brilliance
 o - 3 potions of lignification
 w - 9 potions of might
 z - 3 potions of invisibility
 A - 8 potions of curing
 I - 4 potions of magic
 M - a potion of heal wounds
 P - 3 potions of haste
 V - 2 potions of attraction


   Skills:
 + Level 13.8 Fighting
 - Level 1.5 Dodging
 - Level 2.1 Stealth
 + Level 15.2 Spellcasting
 + Level 17.5 Conjurations
 * Level 10.7 Fire Magic
 - Level 3.7 Ice Magic
 - Level 4.7 Air Magic
 + Level 19.3 Earth Magic


You had 33 spell levels left.
You knew the following spells:

 Your Spells              Type           Power      Damage    Failure   Level
a - Sandblast             Erth           100%       2d20      0%          1
b - Stone Arrow           Conj/Erth      100%       3d13      0%          3
c - Freezing Cloud        Conj/Ice/Air   41%        6-21      1%          5
d - Fireball              Conj/Fire      51%        3d20      1%          5

Your spell library contained the following spells:

 Spells                   Type           Power      Damage    Failure   Level
 Magic Dart               Conj           100%       1d8       0%          1
 Searing Ray              Conj           100%       2d8       0%          2
 Passwall                 Erth           100%       N/A       0%          3
 Brom's Barrelling Bould  Conj/Erth      100%       2d11      0%          4
 Freeze                   Ice            100%       1d10      1%          1
 Kiss of Death            Conj/Necr      100%       2d13      1%          1
 Mercury Vapours          Alch/Air       70%        N/A       1%          2
 Static Discharge         Conj/Air       100%       3-8/arc   1%          2
 Frozen Ramparts          Ice            88%        1d14      1%          3
 Hailstorm                Conj/Ice       90%        3d15      1%          3
 Inner Flame              Hex/Fire       52%        N/A       1%          3
 Mephitic Cloud           Conj/Alch/Air  78%        N/A       1%          3
 Volatile Blastmotes      Fire/Tloc      100%       2d18      1%          3
 Flame Wave               Conj/Fire      100%       2d21      1%          4
 Fulminant Prism          Conj/Alch      41%        3d19      1%          4
 Iskenderun's Mystic Bla  Conj/Tloc      83%        2d16      1%          4
 Petrify                  Alch/Erth      87%        N/A       1%          4
 Borgnjor's Vile Clutch   Necr/Erth      43%        N/A       1%          5
 Irradiate                Conj/Alch      41%        3d25      1%          5
 Slow                     Hex            88%        N/A       2%          1
 Sticky Flame             Fire/Alch      52%        2d9       2%          4
 Lesser Beckoning         Tloc           44%        N/A       3%          2
 Summon Ice Beast         Ice/Summ       33%        N/A       3%          3
 Airstrike                Air            24%        2d(4-20)  3%          4
 Confusing Touch          Hex            22%        N/A       7%          3
 Gell's Gravitas          Tloc           22%        N/A       7%          3
 Sigil of Binding         Hex            22%        N/A       7%          3
 Teleport Other           Tloc           22%        N/A       7%          3
 Vampiric Draining        Necr           22%        2d7       7%          3
 Summon Lightning Spire   Summ/Air       35%        N/A       9%          4
 Cause Fear               Hex            11%        N/A       22%         4
 Dispel Undead            Necr           22%        3d12      22%         4
 Martyr's Knell           Necr/Summ      22%        N/A       22%         4
 Alistair's Intoxication  Alch           14%        N/A       52%         5
 Summon Mana Viper        Hex/Summ       22%        N/A       52%         5
 Sculpt Simulacrum        Ice/Alch       16%        N/A       83%         6
 Ignition                 Fire           35%        3d11      87%         8
 Death Channel            Necr           11%        N/A       98%         6
 Eringya's Noxious Bog    Alch           11%        4d6       98%         6
 Monstrous Menagerie      Summ           11%        N/A       100%        7
 Dragon's Call            Summ           11%        N/A       100%        9
 Cigotuvi's Dreadful Rot  Necr/Alch/Air  Unusable   N/A       N/A         2

Dungeon Overview and Level Annotations

Branches:
Dungeon (15/15)            Temple (1/1) D:4            Lair (5/5) D:10
 Shoals (4/4) Lair:2       Spider (1/4) Lair:3        Slime (0/5) Lair:4
    Orc (2/2) D:10            Elf (0/3) Orc:2        Vaults (0/5) D:14
 Depths (0/4) D:15        Gauntlet (visited)

Altars:
Ashenzari
Cheibriados
Dithmenos
Elyvilon
Fedhas
Gozag
Hepliaklqana
Kikubaaqudgha
Makhleb
Nemelex Xobeh
Okawaru
Qazlal
Ru
Sif Muna
Trog
Uskayaw
Vehumet
Wu Jian
Xom
Yredelemnul
Zin
The Shining One
Beogh

Shops:
D:4 :   D:7 ![:(!   D:12 =*   D:15 !   Orc:2 [(!   Shoals:1 *?(

Annotations:
D:6 3 runed translucent doors, aheadsounds's ghost, weakling FeDe
D:14 exclusion: door
Lair:5 1 exclusion
Spider:1 Frances


Innate Abilities, Weirdness & Mutations

You are immune to sickness and miasma.
Your stone body is resilient. (AC +13)
You are immune to poison.
Your large and strong wings let you fly.
You resist negative energy. (rN+)
You are resistant to electric shocks. (rElec)
You are resistant to unholy torment.
You are immune to petrification.
You are frail. (-10% HP)


Message History

The jumping spider is engulfed in freezing vapours.
Frances is engulfed in freezing vapours.
Frances hits you with a +0 long sword!
The jumping spider is engulfed in freezing vapours.
Casting: Stone Arrow (safe; 0% risk of failure)
Confirm with . or Enter, or press ? or * to list all spells.
Aiming: Stone Arrow (safe; 0% risk of failure)
Press: ? - help, Shift-Dir - straight line, f/p - Frances
Aim: Frances, wielding a +0 long sword and wearing a +3 leather armour of poison resistance (freezing vapour, heavily wounded, fast, 78% to hit)
You feel a strong surge of power!
The stone arrow hits Frances!
Frances is severely wounded.
Frances is engulfed in freezing vapours.
Frances closely misses you.
The jumping spider is engulfed in freezing vapours.
Casting: Stone Arrow (safe; 0% risk of failure)
Confirm with . or Enter, or press ? or * to list all spells.
Aiming: Stone Arrow (safe; 0% risk of failure)
Press: ? - help, Shift-Dir - straight line, f/p - Frances
Aim: Frances, wielding a +0 long sword and wearing a +3 leather armour of poison resistance (freezing vapour, severely wounded, fast, 78% to hit)
You feel a strong surge of power!
The stone arrow hits Frances!!
Frances is severely wounded.
You radiate an aura of cold.
Frances resists.
The jumping spider seems to slow down.
Frances is engulfed in freezing vapours.
Frances hits you but does no damage.
The jumping spider leaps!
Frances is engulfed in freezing vapours.
Frances whispers indecipherable words.
The iron shot hits you!!!
* * * LOW HITPOINT WARNING * * *
Casting: Stone Arrow (safe; 0% risk of failure)
Confirm with . or Enter, or press ? or * to list all spells.
Aiming: Stone Arrow (safe; 0% risk of failure)
Press: ? - help, Shift-Dir - straight line, f/p - Frances
Aim: Frances, wielding a +0 long sword and wearing a +3 leather armour of poison resistance (freezing vapour, almost dead, fast, 78% to hit)
You feel a strong surge of power!
The stone arrow misses Frances.
Frances is engulfed in freezing vapours.
Frances screams a word of power!
The iron shot hits you!!
You die...
Your body crumbles into a pile of gold.

## ###.#### #########
###......##
#....##.######.........##
......#.....##..........#
#####.........##.§§§....#
# ##........##@§§§.....
... #........###@.....##
.... ##.......# #§§$§.##
..... ##^.....# ##§§###
..... #.......# #.§#
..... ##....### s§# .....
###..# .§§. .... .§§§.
...## ...@s


You could see Frances (fast) and a jumping spider (slow).

Vanquished Creatures
  Jorgrun (Orc:1)
  Polyphemus (Shoals:3)
  2 krakens
  Aizul (Shoals:1)
  Ilsuiw (Shoals:2)
  A frost giant (Shoals:4)
  Nessos (Orc:2)
  A minotaur (Gauntlet)
  Snorg (D:10)
  Josephine (Lair:3)
  3 merfolk javelineers
  An ettin (D:15)
  A fire dragon (Shoals:1)
  9 merfolk impalers
  10 hydras
  2 rakshasas (D:15)
  2 ice dragons
  4 catoblepae
  Erolcha (Orc:1)
  2 ogre magi
  Erica (D:10)
  6 merfolk aquamancers
  6 centaur warriors
  4 merfolk avatars (Shoals:2)
  4 boulder beetles
  8 two-headed ogres
  4 death yaks
  5 satyrs
  2 orc high priests (Orc:2)
  4 tengu warriors
  3 occultists
  Urug (Orc:2)
  A hell knight (D:15)
  6 skysharks
  21 sea snakes
  2 deep trolls (D:15)
  6 skeletal warriors (D:15)
  2 arcanists
  A phantasmal warrior (D:15)
  An orc knight (D:14)
  An orb spider (Spider:1)
  3 deep elf pyromancers
  A necromancer (D:15)
  Pikel (D:7)
  26 harpies
  5 orc sorcerers
  10 manticores
  An oklob plant (Gauntlet)
  21 fauns
  Maurice (D:11)
  8 cyclopes
  6 meliai (D:15)
  5 ugly things
  10 elephants
  7 black mambas
  10 merfolk sirens
  3 kobold blastminers
  6 water nymphs
  Maggie (D:7)
  6 cane toads
  2 torpor snails
  A gargoyle (D:13)
  6 yaktaurs (D:15)
  An efreet (D:15)
  17 komodo dragons
  2 unseen horrors (D:10)
  11 rime drakes
  A tengu conjurer (D:14)
  3 kobold demonologists (D:11)
  30 merfolk
  A queen bee (Gauntlet)
  A hornet (D:8)
  5 trolls
  9 wind drakes
  A hornet (shapeshifter) (D:14)
  A polar bear (Lair:5)
  2 blink frogs (shapeshifter) (D:14)
  4 dream sheep (Lair:5)
  27 blink frogs
  10 snapping turtles
  19 slime creatures
  5 jumping spiders
  A yak (shapeshifter) (D:15)
  4 shadows (Gauntlet)
  5 wraiths
  10 basilisks
  12 water elementals
  2 vampires
  50 yaks
  3 wyverns
  A basilisk (shapeshifter) (D:15)
  A warg (Orc:1)
  2 redbacks
  10 vampire mosquitoes
  3 acid dragons
  14 water moccasins
  A meliai simulacrum (D:15)
  An ice beast (D:8)
  A black bear (Lair:5)
  27 orc warriors
  A sky beast (D:7)
  7 ogres
  18 wolves
  5 centaurs
  A phantom (D:4)
  3 kobold brigands
  Blork the orc (D:4)
  8 bullfrogs
  3 gnoll sergeants
  4 scorpions
  4 wights (D:7)
  4 jellies
  9 killer bees
  7 howler monkeys
  An electric eel (Lair:1)
  A bombardier beetle (D:4)
  24 orc priests
  A gnoll bouda (D:7)
  A hound (D:6)
  A sleepcap (D:7)
  3 iguanas
  46 orc wizards
  6 hell rats (Lair:1)
  22 gnolls
  5 adders
  A shadow imp (D:7)
  3 white imps
  A ribbon worm (D:5)
  2 dart slugs
  92 orcs
  9 ball pythons
  4 endoplasms
  5 giant cockroaches
  7 goblins
  4 hobgoblins
  20 kobolds
  3 quokkas
  2 bats (D:1)
  3 frilled lizards
  4 rats
  5 tentacles
924 creatures vanquished.

Vanquished Creatures (others)
  A sea snake (Shoals:1)
  26 tentacles
27 creatures vanquished.

Grand Total: 951 creatures vanquished

Notes
Turn   | Place    | Note
-------+----------+-------------------------------------------
     0 | D:1      | CougarLife the Gargoyle Earth Elementalist began the quest
                  | for the Orb.
     0 | D:1      | Reached XP level 1. HP: 10/10 MP: 3/3
   165 | D:1      | Reached XP level 2. HP: 15/15 MP: 3/5
   235 | D:1      | Reached skill level 4 in Earth Magic
   269 | D:1      | Reached XP level 3. HP: 19/19 MP: 2/6
   906 | D:1      | Found a faded altar of an unknown god.
   913 | D:1      | Reached XP level 4. HP: 21/24 MP: 6/8
   934 | D:1      | Learned a level 3 spell: Stone Arrow
  1922 | D:3      | Reached XP level 5. HP: 28/28 MP: 7/9
  2388 | D:4      | Noticed an ogre
  2399 | D:4      | Killed an ogre
  2400 | D:4      | Reached skill level 5 in Earth Magic
  2481 | D:4      | Found Ibbeh's Book Boutique.
  2517 | D:4      | Reached XP level 6. HP: 32/32 MP: 8/11
  2724 | D:4      | Found a staircase to the Ecumenical Temple.
  2730 | Temple   | Entered the Ecumenical Temple
  3110 | D:4      | Noticed Blork the orc
  3117 | D:4      | Killed Blork the orc
  3118 | D:4      | Reached skill level 6 in Earth Magic
  3118 | D:4      | Reached XP level 7. HP: 32/36 MP: 6/13
  3389 | D:4      | Reached skill level 5 in Conjurations
  3786 | D:5      | Entered Level 5 of the Dungeon
  4670 | D:5      | Found a snail-covered altar of Cheibriados.
  4763 | D:5      | Reached skill level 5 in Spellcasting
  5060 | D:6      | Reached skill level 7 in Earth Magic
  5060 | D:6      | Reached XP level 8. HP: 41/41 MP: 12/15
  5105 | D:6      | Found a runed translucent gate.
  5106 | D:6      | Found a runed translucent gate.
  5107 | D:6      | Found a runed translucent gate.
  5259 | D:4      | Bought a book of Vapours for 312 gold pieces
  5623 | D:6      | HP: 2/41 [gnoll sergeant/+0 spear (7)]
  5993 | D:6      | Reached skill level 1 in Ice Magic
  6136 | D:6      | Noticed aheadsounds's ghost (weakling FeDe)
  6465 | D:7      | Reached skill level 8 in Earth Magic
  6472 | D:7      | Noticed Pikel
  6547 | D:7      | Killed Pikel
  6548 | D:7      | Reached XP level 9. HP: 45/45 MP: 5/18
  6638 | D:7      | Found a burning altar of Makhleb.
  6832 | D:7      | Found Fraech's Dragon-Slaying Spoils.
  6953 | D:7      | Noticed Maggie
  6966 | D:7      | Killed Maggie
  6967 | D:7      | Reached skill level 9 in Earth Magic
  7100 | D:7      | Found Imudiebb's Distillery.
  7111 | D:7      | Found Gygou's Antique Weapon Shoppe.
  7114 | D:7      | Found Pual's Book Shoppe.
  7384 | D:7      | Found Qikholib's Distillery.
  8380 | D:8      | Reached XP level 10. HP: 50/50 MP: 11/21
  8404 | D:8      | HP: 2/50 [yak (13)]
  8571 | D:8      | Reached skill level 10 in Earth Magic
  8710 | D:7      | Reached skill level 1 in Air Magic
  9066 | D:8      | Found a radiant altar of Vehumet.
 10149 | D:9      | Found an opulent altar of Gozag.
 10149 | D:9      | Found a glowing silver altar of Zin.
 10150 | D:9      | Found an ancient bone altar of Kikubaaqudgha.
 10153 | D:9      | Became a worshipper of Gozag Ym Sagoz the Greedy
 10269 | D:9      | Found a glowing golden altar of the Shining One.
 10556 | D:10     | Entered Level 10 of the Dungeon
 10771 | D:10     | Noticed Erica
 10796 | D:10     | Noticed a green ugly thing
 10993 | D:10     | Killed an unseen horror
 11241 | D:10     | Killed an unseen horror
 11242 | D:10     | Reached skill level 11 in Earth Magic
 11447 | D:10     | Noticed Snorg
 11555 | D:10     | Killed Erica
 11556 | D:10     | Reached XP level 11. HP: 54/54 MP: 15/23
 11685 | D:10     | Killed a green ugly thing
 11686 | D:10     | Reached skill level 10 in Conjurations
 11877 | D:10     | Killed Snorg
 12049 | D:10     | Found a staircase to the Lair.
 12498 | D:10     | Found a staircase to the Orcish Mines.
 12573 | D:11     | Noticed a cyclops
 12576 | D:11     | Killed a cyclops
 12655 | D:11     | Noticed a cyclops
 12659 | D:11     | Killed a cyclops
 12792 | D:11     | Reached skill level 12 in Earth Magic
 12941 | D:11     | Noticed Maurice
 12954 | D:11     | Killed Maurice
 13086 | D:11     | Found a blossoming altar of Fedhas.
 13622 | D:11     | Noticed a boulder beetle
 13638 | D:11     | Killed a boulder beetle
 14064 | Lair:1   | Entered Level 1 of the Lair of Beasts
 14073 | D:10     | Learned a level 5 spell: Freezing Cloud
 14781 | Lair:1   | Reached XP level 12. HP: 59/59 MP: 22/25
 14838 | Lair:1   | Reached skill level 10 in Spellcasting
 14901 | Lair:1   | Reached skill level 13 in Earth Magic
 15408 | Lair:1   | Reached skill level 1 in Fighting
 16836 | Lair:2   | Found a staircase to the Shoals.
 16854 | Lair:2   | Noticed a catoblepas
 16861 | Lair:2   | Killed a catoblepas
 18365 | Lair:3   | Noticed Josephine
 18369 | Lair:3   | Killed Josephine
 18370 | Lair:3   | Reached skill level 14 in Earth Magic
 18370 | Lair:3   | Reached XP level 13. HP: 72/72 MP: 10/27
 18718 | Lair:3   | Reached skill level 5 in Fighting
 19327 | Lair:3   | Found a hole to the Spider Nest.
 20843 | D:4      | Bought a book of the Dragon for 504 gold pieces
 20849 | D:4      | Learned a level 5 spell: Fireball
 20937 | D:7      | Bought a potion of haste for 100 gold pieces
 20937 | D:7      | Bought a potion of lignification for 30 gold pieces
 20937 | D:7      | Bought a potion of haste for 100 gold pieces
 20937 | D:7      | Bought a potion of mutation for 80 gold pieces
 20937 | D:7      | Bought a potion of haste for 100 gold pieces
 21014 | D:7      | Bought a potion of invisibility for 128 gold pieces
 21014 | D:7      | Bought a potion of magic for 128 gold pieces
 21014 | D:7      | Bought a potion of might for 64 gold pieces
 21014 | D:7      | Bought a potion of brilliance for 64 gold pieces
 21014 | D:7      | Bought a potion of ambrosia for 128 gold pieces
 21757 | Lair:4   | Found a staircase to the Slime Pits.
 22256 | Lair:5   | Entered Level 5 of the Lair of Beasts
 22265 | Lair:5   | Reached skill level 15 in Earth Magic
 22578 | Lair:5   | Gained mutation: Your large and strong wings let you fly.
                  | [Gargoyle growth]
 22578 | Lair:5   | Reached XP level 14. HP: 82/82 MP: 21/29
 24287 | D:12     | Found Bomed's General Store.
 24295 | D:12     | Bought a scroll of identify for 24 gold pieces
 24295 | D:12     | Bought a potion of mutation for 96 gold pieces
 24297 | D:12     | Bought a +1 helmet for 138 gold pieces
 24598 | D:12     | Reached skill level 16 in Earth Magic
 25000 | D:12     | Found Erautav's Jewellery Shoppe.
 25759 | Orc:1    | Entered Level 1 of the Orcish Mines
 26135 | Orc:2    | Entered Level 2 of the Orcish Mines
 26135 | Orc:2    | Noticed Jorgrun
 26498 | D:13     | Found a shadowy altar of Dithmenos.
 26789 | D:13     | Reached XP level 15. HP: 89/92 MP: 15/31
 28037 | Orc:2    | Reached skill level 15 in Conjurations
 28048 | Orc:1    | Killed Jorgrun
 28105 | Orc:2    | Reached skill level 10 in Fighting
 28387 | Orc:2    | Found a roughly hewn altar of Beogh.
 28745 | Orc:2    | Paralysed by an orc sorcerer for 4 turns
 29105 | Orc:2    | Gained mutation: You are frail. (-10% HP) [a neqoxec]
 29321 | Orc:2    | Noticed Nessos
 29327 | Orc:2    | Killed Nessos
 29391 | Orc:2    | Noticed Urug
 29397 | Orc:2    | Killed Urug
 29570 | Orc:2    | Found Qesank's Distillery.
 29570 | Orc:2    | Found Heom's Antique Weapon Shop.
 29571 | Orc:2    | Found Qoobikikh's Weapon Boutique.
 29575 | Orc:2    | Found Vetivocs's Armour Boutique.
 29583 | Orc:2    | Bought 2 potions of brilliance for 104 gold pieces
 29626 | Orc:2    | Found a staircase to the Elven Halls.
 29957 | Orc:1    | Noticed Erolcha
 29968 | Orc:1    | Killed Erolcha
 30259 | D:13     | Reached skill level 17 in Earth Magic
 30360 | D:14     | Found the +4 skin of Zhor {*Englaciate rC+++ SInv}
 30386 | D:14     | Found a gate leading to a gauntlet.
 30396 | Gauntlet | Entered a Gauntlet
 30396 | Gauntlet | Found a large runed translucent door.
 30396 | Gauntlet | Found a large runed translucent door.
 30396 | Gauntlet | Found a large runed translucent door.
 30396 | Gauntlet | Found a large runed translucent door.
 30396 | Gauntlet | Found a large runed translucent door.
 30396 | Gauntlet | Found a large runed translucent door.
 30396 | Gauntlet | Found a transporter.
 30396 | Gauntlet | Found a large runed translucent door.
 30396 | Gauntlet | Found a large runed translucent door.
 30396 | Gauntlet | Found a runed translucent door.
 30396 | Gauntlet | Found a runed translucent gate.
 30396 | Gauntlet | Found a runed translucent gate.
 30396 | Gauntlet | Found a transporter.
 30396 | Gauntlet | Found a transporter.
 30565 | Gauntlet | Found a transporter.
 30570 | Gauntlet | Found a transporter.
 30570 | Gauntlet | Found a runed translucent gate.
 30570 | Gauntlet | Found a runed translucent door.
 30573 | Gauntlet | Found a transporter.
 30581 | Gauntlet | Found a transporter.
 30582 | Gauntlet | Found a transporter.
 30583 | Gauntlet | Found a transporter.
 30584 | Gauntlet | Found a transporter.
 30592 | Gauntlet | Found a transporter.
 30593 | Gauntlet | Found a transporter.
 30658 | Gauntlet | Found a large runed translucent door.
 30658 | Gauntlet | Found a large runed translucent door.
 30658 | Gauntlet | Found a large runed translucent door.
 30658 | Gauntlet | Found a large runed translucent door.
 30659 | Gauntlet | Found a large runed translucent door.
 30660 | Gauntlet | Found a large runed translucent door.
 30669 | Gauntlet | Found a large runed translucent door.
 30669 | Gauntlet | Found a large runed translucent door.
 31222 | Gauntlet | Identified the amulet of Hemuijun {RegenMP Harm}
 31470 | Gauntlet | Identified the staff of Hubris {Str+2 Conj Earth}
 32508 | D:14     | Found a gate to the Vaults.
 33579 | D:15     | Entered Level 15 of the Dungeon
 33688 | D:15     | Reached skill level 1 in Fire Magic
 33703 | D:15     | Reached XP level 16. HP: 90/90 MP: 1/33
 35115 | D:15     | Found Baloofug's Distillery.
 35120 | D:15     | Bought a potion of magic for 136 gold pieces
 35120 | D:15     | Bought a potion of magic for 136 gold pieces
 35120 | D:15     | Bought a potion of magic for 136 gold pieces
 35120 | D:15     | Bought a potion of brilliance for 68 gold pieces
 36168 | D:15     | Found a staircase to the Depths.
 36586 | D:15     | Reached skill level 18 in Earth Magic
 37076 | Shoals:1 | Entered Level 1 of the Shoals
 37084 | Shoals:1 | Reached skill level 5 in Fire Magic
 37616 | Shoals:1 | Identified the serpent talisman "Omniun" {rN++ rCorr Int-2}
 37616 | Shoals:1 | Noticed Aizul
 37623 | Shoals:1 | Killed Aizul
 38999 | Shoals:1 | Bought a scroll of teleportation for 51 gold pieces
 38999 | Shoals:1 | Bought a scroll of teleportation for 51 gold pieces
 38999 | Shoals:1 | Bought a scroll of blinking for 127 gold pieces
 38999 | Shoals:1 | Bought a scroll of revelation for 127 gold pieces
 38999 | Shoals:1 | Bought a scroll of teleportation for 51 gold pieces
 38999 | Shoals:1 | Bought a scroll of silence for 161 gold pieces
 38999 | Shoals:1 | Bought a scroll of teleportation for 51 gold pieces
 38999 | Shoals:1 | Bought a scroll of revelation for 127 gold pieces
 39003 | Shoals:1 | Bought a potion of heal wounds for 170 gold pieces
 39003 | Shoals:1 | Bought a potion of brilliance for 136 gold pieces
 39003 | Shoals:1 | Bought a scroll of identify for 68 gold pieces
 39003 | Shoals:1 | Bought a scroll of identify for 68 gold pieces
 39003 | Shoals:1 | Bought a scroll of teleportation for 102 gold pieces
 39157 | Shoals:2 | Reached XP level 17. HP: 97/97 MP: 18/35
 39471 | Shoals:2 | Noticed Ilsuiw
 39488 | Shoals:2 | Killed Ilsuiw
 39500 | Shoals:2 | Noticed a kraken
 39509 | Shoals:2 | Killed a kraken
 42161 | Shoals:3 | Noticed Polyphemus
 42269 | Shoals:3 | Killed Polyphemus
 42852 | Shoals:3 | Noticed a kraken
 42986 | Shoals:3 | Killed a kraken
 43606 | Shoals:4 | Entered Level 4 of the Shoals
 43655 | Shoals:4 | Reached skill level 15 in Spellcasting
 43809 | Shoals:4 | Reached skill level 19 in Earth Magic
 44179 | Shoals:4 | Reached XP level 18. HP: 103/103 MP: 10/37
 45305 | Shoals:4 | Reached skill level 10 in Fire Magic
 46152 | Shoals:4 | Got a barnacled rune of Zot
 46891 | Spider:1 | Entered Level 1 of the Spider Nest
 46965 | Spider:1 | Noticed Frances
 46978 | Spider:1 | Killed from afar by Frances

Illustrated notes

Levels and vault maps discovered:
D:1:      minmay_arrival_radiant_lines, layout_loops_ring,
          chequers_ecumenical_altar_twisty
D:2:      layout_loops_cross
D:3:      layout_loops_ring, minivault_19, minivault_23, kennysheep_crisscross
D:4:      layout_layer_cave, minmay_temple_entry_nine_rooms, serial_shops, shop,
          st_stairs_7, uniq_blork_the_orc
D:5:      layout_basic, slow_altar_2
D:6:      layout_loops_ring, gammafunk_ghost_icy
D:7:      layout_cave_pods, mainiacjoe_overflow_chevrons, serial_shops,
          nicolae_shop_tiny_waterfront, nicolae_shop_dragon_depot,
          nicolae_shop_distant_corner_stores, kennysheep_generic_room_10,
          uniq_maggie, uniq_pikel
D:8:      layout_gridville, nicolae_vehumet_altar_sigil, hangedman_decor_growths
D:9:      layout_loops_cross, nicolae_overflow_quartered_altars,
          chequers_serial_rivers_micro_e
D:10:     layout_cross, erik_lair_orcish_takeover, david_orc_4, uniq_snorg,
          uniq_erica
D:11:     layout_basic, fedhas_altar_1, uniq_maurice
D:12:     layout_roguey, serial_shops, nicolae_shop_stone, shop, kb_rosetta
D:13:     layout_basic, nicolae_dithmenos_through_a_glass_darkly
D:14:     layout_stronghold, david_vaults_1, kennysheep_decorative_pillar,
          gauntlet_entry_generic, hellmonk_guarded_unrand_zhor
D:15:     kennysheep_seaside_town, layout_long_grid, moated_statue,
          serial_shops, nicolae_shop_rolling_square, st_stairs_9,
          minmay_misc_feat_secret_circle
Temple:   hellmonk_temple_of_storms
Lair:1:   layout_roguey, serial_bayou_shore_a, grunt_megastairs_4
Lair:2:   layout_chaotic_city, elwin_shoals_entry_rocks, serial_bayou_pond_a,
          minivault_24, infiniplex_staircase_pool
Lair:3:   nzn_winding_woodlands_medium [nzn_winding_woodlands_5x5_cross,
          nzn_winding_woodlands_5x15_sawtooth,
          nzn_winding_woodlands_5x5_checkerboard,
          nzn_winding_woodlands_5x5_open_star,
          nzn_winding_woodlands_center_triple_pond,
          nzn_winding_woodlands_hourglass, nzn_winding_woodlands_5x5_default,
          nzn_winding_woodlands_5x15_default,
          nzn_winding_woodlands_5x5_perimeter], layout_hall_layers,
          spider_nest_entry_a, uniq_josephine
Lair:4:   layout_concentric_octagons, minmay_slime_entry_pillars
Lair:5:   grunt_lair_end_beastmaster, layout_hall_layers, lemuel_fruit_tree,
          grunt_megastairs_5
Shoals:1: argonaut_golden_fleece, layout_shoals, uniq_aizul
Shoals:2: layout_shoals, uniq_ilsuiw
Shoals:3: cheibrodos_shoals_oceanic_diplomacy, layout_shoals,
          nicolae_shoals_seven_spires, uniq_polyphemus
Shoals:4: shoals_end_grunt_ice, layout_shoals, shoal_ilsuiw
Spider:1: layout_chambers, nicolae_spider_moth_buddies, uniq_frances
Orc:1:    layout_caves, uniq_erolcha
Orc:2:    st_orc_mages, layout_caves, basic_altar, uniq_urug, uniq_nessos,
          uniq_jorgrun

Skill      XL: |  1  2  3  4  5  6  7  8  9 10 11 12 13 14 15 16 17 18 |
---------------+-------------------------------------------------------+-----
Earth Magic    | 4 5 6 7 8 9 11 12 14 15 16 17 18 19 | 19.3
Conjurations   | 2 3 4 5 7 8 9 11 12 13 14 15 16 17 | 17.5
Spellcasting   | 3 4 5 6 7 8 9 10 11 12 13 14 15 | 15.2
Ice Magic      | 2 3 |  3.7
Air Magic      | 2 4 |  4.7
Fighting       | 4 7 9 11 12 13 | 13.8
Fire Magic     | 1 6 9 10 | 10.7
Dodging        | |  1.5
Stealth        | |  2.1

Action                     |  1- 3 |  4- 6 |  7- 9 | 10-12 | 13-15 | 16-18 || total
---------------------------+-------+-------+-------+-------+-------+-------++-------
  Melee: Unarmed           |     2 |       |       |       |       |       ||     2
         Dagger            |    17 |     4 |       |    37 |    10 |       ||    68
         Staff             |       |       |       |       |       |     7 ||     7
   Cast: Sandblast         |    33 |    49 |   160 |   198 |   118 |    55 ||   613
         Stone Arrow       |       |     2 |    33 |   126 |   362 |   372 ||   895
         Freezing Cloud    |       |       |       |    28 |   190 |   199 ||   417
         Fireball          |       |       |       |       |    28 |    29 ||    57
 Invoke: Potion Petition   |       |       |       |       |     1 |     1 ||     2
         Call Merchant     |       |       |       |       |       |     3 ||     3
  Evoke: Wand              |       |       |       |     3 |     1 |       ||     4
    Use: Potion            |       |       |     4 |     2 |     9 |     1 ||    16
         Scroll            |       |       |       |    10 |    13 |     6 ||    29
 Armour: Robe              |    21 |    11 |   105 |   207 |   168 |       ||   512
         Leather armour    |       |       |       |       |   212 |       ||   212
         Animal skin       |       |       |       |       |     3 |   393 ||   396
  Dodge: Dodged            |    32 |     9 |    94 |   169 |   172 |   163 ||   639

Table legend: (Time is in decaauts)
 A = Elapsed time spent in this place.
 B = Non-inter-level travel time spent in this place.
 C = Inter-level travel time spent in this place.
 D = Time resting spent in this place.
 E = Time spent auto-exploring this place.
 F = Levels seen in this place.
 G = Mean time per level.
                   A        B        C        D        E       F      G
               +--------+--------+--------+--------+--------+-----+--------+
         Total |  47358 |  44679 |   2679 |  19533 |  13239 |  29 | 1633.0 |
       Dungeon |  24272 |  22367 |   1905 |   8467 |   8642 |  15 | 1618.1 |
        Temple |      1 |      1 |      0 |      0 |      0 |   1 |    1.0 |
          Lair |   9420 |   9072 |    348 |   4099 |   2250 |   5 | 1884.0 |
        Shoals |   9798 |   9514 |    284 |   5226 |   1746 |   4 | 2449.5 |
   Spider Nest |     86 |     86 |      0 |      7 |      0 |   1 |   86.0 |
  Orcish Mines |   2570 |   2430 |    140 |    952 |    476 |   2 | 1285.0 |
      Gauntlet |   1208 |   1208 |      0 |    782 |    125 |   1 | 1208.0 |
               +--------+--------+--------+--------+--------+-----+--------+

Top non-repeatable levels by time:
    D:15: 3262 daAuts
Shoals:4: 3055 daAuts
    D:10: 2676 daAuts
Shoals:2: 2558 daAuts
  Lair:3: 2262 daAuts
Shoals:3: 2207 daAuts
    D:13: 2151 daAuts
  Lair:1: 2089 daAuts
  Lair:2: 2049 daAuts
Shoals:1: 1976 daAuts
     D:7: 1963 daAuts
    D:14: 1903 daAuts
  Lair:5: 1893 daAuts
    D:11: 1822 daAuts
     D:4: 1738 daAuts
